 Dungeon Crawl Stone Soup version 0.23.2 (webtiles) character file.

Game seed: 6389769936501732266

168 Gargoyl the Skirmisher (level 5, -1/46 HPs)
             Began as a Centaur Abyssal Knight on Apr 6, 2019.
             Was a Believer of Lugonu.
             Succumbed to kobold's curare-tipped needle
             ... on level 3 of the Dungeon.
             The game lasted 00:03:18 (2357 turns).

Gargoyl the Skirmisher (Centaur Abyssal Knight)     Turns: 2357, Time: 00:03:18

Health: -1/46      AC: 10    Str: 14    XL:     5   Next: 24%
Magic:  15/15      EV:  4    Int: 11    God:    Lugonu [**....]
Gold:   119        SH:  0    Dex: 10    Spells: 4/4 levels left

rFire    . . .     SeeInvis .   a - +2 hand axe
rCold    . . .     Gourm    .   (no shield)
rNeg     . . .     Faith    .   e - +0 chain mail
rPois    .         Spirit   .   (no helmet)
rElec    .         Reflect  .   d - +0 cloak
rCorr    .         Harm     .   m - +0 pair of gloves
MR       .....                  (no barding)
Stlth    ..........             (no amulet)
HPRegen  0.15/turn              f - ring of flight
MPRegen  0.14/turn              j - ring of magical power

@: lethally poisoned (-1 -> -17), slowed
A: large, hooves 3, deformed body, speed 2, tough skin 3
a: Depart the Abyss, Bend Space, Renounce Religion, Evoke Flight


You were on level 3 of the Dungeon.
You worshipped Lugonu.
Lugonu was pleased with you.
You were not hungry.

You visited 1 branch of the dungeon, and saw 3 of its levels.
You visited the Abyss 1 time.

You collected 119 gold pieces.

Inventory:

Hand Weapons
 a - a +2 hand axe (weapon)
Armour
 d - a +0 cloak (worn)
 e - a +0 chain mail (worn)
 m - a +0 pair of gloves (worn)
Jewellery
 f - a ring of flight (left hand)
 j - a ring of magical power (right hand)
Wands
 n - a wand of flame (10)
Scrolls
 b - 4 scrolls of identify
 h - 4 scrolls of teleportation
Potions
 g - a potion of cancellation
 i - 2 potions of mutation {unknown}
 k - 2 potions of invisibility {unknown}
 l - 2 potions of haste {unknown}
Comestibles
 c - 4 rations
 o - 2 chunks of flesh


   Skills:
 + Level 3.7 Fighting
 + Level 3.3 Axes
 + Level 2.3 Armour
 + Level 1.3 Dodging
 + Level 2.3 Invocations


You had 4 spell levels left.
You didn't know any spells.
Your spell library was empty.

Dungeon Overview and Level Annotations

Branches:
Dungeon (3/15)

Altars:
Hepliaklqana
Zin

Shops:
D:3 *


Innate Abilities, Weirdness & Mutations

You have hooves in place of feet.
Armour fits poorly on your strangely shaped body.
You cover ground very quickly.
You have extremely tough skin. (AC +3)


Message History

You feel as though you will be slow longer.
The bat hits you but does no damage.
A quokka skeleton comes into view.
The worm bites you but does no damage.
The kobold shoots a curare-tipped needle.
The curare-tipped needle hits you.
You are lethally poisoned!
You have difficulty breathing.
* * * LOW HITPOINT WARNING * * *
You feel as though you will be slow longer.
You hit the worm but do no damage. You kick the worm, but do no damage.
The worm is moderately wounded.
You barely miss the bat.
* * * LOW HITPOINT WARNING * * *
You feel sick. The bat hits you but does no damage. x3
The worm bites you but does no damage. The kobold hits you but does no damage.
You hit the worm.
The worm is heavily wounded.
You hit the kobold.
You die...

########....# #.
####...........# #.
...#...........#
##.###.#...........##
#...................#
###............∩......#
...........#..........#.
##.........##.....†...#.
#...Z.w@......#_#..#..#.
#..#..K......##⌠##.#..#.
###bK...#..###..#..#.
......###..........#.
###.#.. ..........†#.
#.#..##............
#.#....?........(..
#.##.##############
##...


You could see a worm, a bat, 2 kobolds and a quokka skeleton.

Vanquished Creatures
  Crazy Yiuf (D:2)
  Natasha (thrice) (D:2)
  2 adders
  A worm (D:2)
  3 leopard geckos
  2 giant cockroaches
  5 goblins
  11 hobgoblins
  A ball python (D:2)
  4 bats
  2 frilled lizards (D:1)
  7 kobolds
  A rat (D:2)
43 creatures vanquished.

Notes
Turn   | Place    | Note
-------+----------+-------------------------------------------
     0 | Abyss:1  | Gargoyl the Centaur Abyssal Knight began the quest for the
                  | Orb.
     0 | Abyss:1  | Reached XP level 1. HP: 19/19 MP: 2/2
    10 | Abyss:1  | Found a corrupted altar of Lugonu.
    78 | Abyss:2  | Found a corrupted altar of Lugonu.
   115 | Abyss:2  | Noticed a tentacled starspawn
   117 | D:1      | Escaped the Abyss
   266 | D:1      | Reached XP level 2. HP: 14/26 MP: 3/3
   521 | D:1      | Reached * piety under Lugonu
   842 | D:2      | Noticed Natasha
   856 | D:2      | Killed Natasha
   856 | D:2      | Reached XP level 3. HP: 16/33 MP: 4/4
  1090 | D:2      | Found a hazy altar of Hepliaklqana.
  1097 | D:2      | Found a faded altar of an unknown god.
  1388 | D:2      | Reached XP level 4. HP: 40/40 MP: 5/5
  1408 | D:2      | Reached ** piety under Lugonu
  1583 | D:2      | Noticed Natasha
  1592 | D:2      | Killed Natasha
  1592 | D:2      | Reached skill level 1 in Dodging
  1916 | D:2      | Found a runed translucent door.
  1917 | D:2      | Noticed Crazy Yiuf
  2040 | D:2      | Noticed Natasha
  2049 | D:2      | Killed Natasha
  2236 | D:2      | Killed Crazy Yiuf
  2236 | D:2      | Reached XP level 5. HP: 43/46 MP: 6/6
  2316 | D:3      | Found Zin's Purification Station.
  2318 | D:3      | Found a glowing silver altar of Zin.
  2356 | D:3      | HP: 2/46 [poisoned by kobold (curare-tipped needle)]
  2357 | D:3      | Succumbed to kobold's curare-tipped needle

Skill      XL: |  1  2  3  4 |
---------------+-------------+-----
Axes           | 2 3 |  3.3
Armour         | 2 |  2.3
Dodging        | 1 |  1.3
Fighting       | |  3.7
Invocations    | |  2.3

Action                   |  1- 3 |  4- 6 || total
-------------------------+-------+-------++-------
Melee: Hand axe          |    98 |    39 ||   137
       Kick              |    17 |    12 ||    29
Invok: Depart the Abyss  |     1 |       ||     1
  Use: Scroll            |     5 |       ||     5
  Eat: Chunk             |       |     3 ||     3
Armor: Chain mail        |    70 |    59 ||   129
Dodge: Dodged            |    31 |    12 ||    43
